 Dungeon Crawl Stone Soup version 0.24-a0-479-g9a978d2894 (webtiles) character file.

Game seed: 11802218887272223923

390 Lokunos the Chopper (level 6, -1/55 HPs)
             Began as a Deep Dwarf Warper on July 7, 2019.
             Killed by divine providence
             ... invoked by an orc priest
              (12 damage)
             ... on level 3 of the Dungeon.
             The game lasted 00:11:01 (2404 turns).

Lokunos the Chopper (Deep Dwarf Warper)             Turns: 2404, Time: 00:11:03

Health: -1/55      AC:  8    Str: 15    XL:     6   Next: 50%
Magic:  9/9        EV: 11    Int: 14    God:
Gold:   107        SH:  0    Dex: 13    Spells: 10/10 levels left

rFire    + . .     SeeInvis .   a - +1 hand axe
rCold    . . .     Gourm    .   (no shield)
rNeg     . . .     Faith    .   m - +2 scale mail {rF+}
rPois    .         Spirit   .   (no helmet)
rElec    .         Reflect  .   (no cloak)
rCorr    .         Harm     .   (no gloves)
MR       .....                  (no boots)
Stlth    ..........             (no amulet)
HPRegen  0.00/turn              (no ring)
MPRegen  0.11/turn              (no ring)

@: non-regenerating
A: damage resistance, heal wounds, sense surroundings 1, no regeneration
a: Heal Wounds


You were on level 3 of the Dungeon.
You were not hungry.

You visited 1 branch of the dungeon, and saw 3 of its levels.

You collected 107 gold pieces.

Inventory:

Hand Weapons
 a - a +1 hand axe (weapon)
 f - a +1 trident of freezing
Missiles
 e - 5 boomerangs of dispersal (quivered)
Armour
 b - a +0 leather armour
 k - a +0 scale mail
 m - a +2 scale mail of fire resistance (worn)
Scrolls
 c - 4 scrolls of remove curse
 d - a scroll of blinking
 q - 2 scrolls of identify
Potions
 g - a potion of degeneration {unknown}
 h - 2 potions of mutation {unknown}
 i - 2 potions of curing {unknown}
 j - a potion of haste
 l - a potion of ambrosia {unknown}
 o - a potion of agility {unknown}
Comestibles
 n - 2 rations


   Skills:
 + Level 2.8 Fighting
 * Level 4.5 Axes
 + Level 2.3 Throwing
 - Level 1.1 Armour
 * Level 4.4 Dodging
 + Level 2.7 Spellcasting
   Level 3.2 Translocations


You had 10 spell levels left.
You didn't know any spells.
Your spell library contained the following spells:

 Spells                   Type           Power        Failure   Level  Hunger
 Blink                    Tloc           N/A          34%         2    ###....
 Shroud of Golubria       Chrm/Tloc      #.....       56%         2    ###....
 Gell's Gravitas          Tloc           ##........   56%         3    ###....
 Lesser Beckoning         Tloc           ##........   56%         3    ###....
 Teleport Other           Tloc           ##......     56%         3    ###....
 Passage of Golubria      Tloc           N/A          93%         4    #####..


Dungeon Overview and Level Annotations

Branches:
Dungeon (3/15)

Altars:

Annotations:
D:3 Grinder, Natasha


Innate Abilities, Weirdness & Mutations

You are resistant to damage.
You can heal yourself by infusing magical energy.
You passively map a small area around you.
You do not regenerate.


Message History

The orc shouts!
An orc priest comes into view. It is wielding a +0 club.
The orc priest shouts!
The orc priest calls down the wrath of Beogh upon you.
Beogh smites you!
The orc priest calls down the wrath of Beogh upon you.
Beogh smites you!
Found five items.
Found a stone staircase leading down.
Natasha casts a spell.
The orc priest calls down the wrath of Beogh upon you.
Beogh smites you!
Natasha mumbles some strange words.
The orc priest looks satisfied for a moment.
Natasha mumbles some strange words.
The orc priest mumbles some strange prayers to Beogh against you.
Beogh smites you!
* * * LOW HITPOINT WARNING * * *
The orc priest calls down the wrath of Beogh upon you.
Beogh smites you!
You die...

..............# ###.##
........?...$.# #..## *
..............### *##...
....................####
....?..oo.o...# #..... *
........h5...## ######
#.....o5o%.%##
######..##### ##@..#*
###..# #.# ###### .#
##..... # ###...... ,*
###...#.... * *
#.......... #.##.##....
####.##....


You could see an iron imp, 2 orc priests, Natasha, a crimson imp and 3 orcs.

Vanquished Creatures
  Sigmund (D:3)
  Terence (D:3)
  2 orc wizards
  4 gnolls (D:3)
  6 adders
  2 worms
  A dart slug (D:3)
  2 leopard geckos
  4 orcs
  A giant cockroach (D:2)
  6 goblins
  9 hobgoblins
  7 kobolds
  A quokka (D:2)
  2 ball pythons
  2 frilled lizards
  7 rats
58 creatures vanquished.

Notes
Turn   | Place    | Note
-------+----------+-------------------------------------------
     0 | D:1      | Lokunos the Deep Dwarf Warper began the quest for the Orb.
     0 | D:1      | Reached XP level 1. HP: 19/19 MP: 3/3
   674 | D:1      | Reached skill level 1 in Throwing
   933 | D:2      | Reached XP level 2. HP: 26/26 MP: 4/4
  1134 | D:2      | Reached XP level 3. HP: 18/32 MP: 4/6
  1235 | D:2      | Reached XP level 4. HP: 33/39 MP: 7/7
  2002 | D:3      | Reached XP level 5. HP: 24/46 MP: 8/8
  2070 | D:3      | Noticed Terence
  2095 | D:3      | Killed Terence
  2181 | D:3      | Noticed Sigmund
  2217 | D:3      | Killed Sigmund
  2217 | D:3      | Reached XP level 6. HP: 31/55 MP: 8/8
  2377 | D:3      | Noticed Grinder
  2400 | D:3      | Noticed Natasha
  2404 | D:3      | Killed from afar by an orc priest

Levels and vault maps discovered:
D:1:      lemuel_arrival_room, layout_loops_corners
D:2:      layout_basic
D:3:      layout_rooms, first_ration, uniq_grinder, uniq_natasha, uniq_sigmund,
          uniq_terence

Skill      XL: |  1  2  3  4  5 |
---------------+----------------+-----
Throwing       | 1 2 |  2.3
Fighting       | 2 |  2.8
Axes           | 3 4 |  4.5
Spellcasting   | 2 |  2.7
Dodging        | 3 4 |  4.4
Armour         | |  1.1
Translocations | |  3.2

Action                   |  1- 3 |  4- 6 || total
-------------------------+-------+-------++-------
Melee: Hand axe          |   118 |   219 ||   337
 Abil: Heal Wounds       |     3 |     5 ||     8
  Use: Scroll            |     1 |     4 ||     5
       Potion            |       |     1 ||     1
  Eat: Ration            |     1 |     1 ||     2
       Chunk             |       |     1 ||     1
Armor: Leather armour    |     6 |       ||     6
       Scale mail        |    46 |    77 ||   123
Dodge: Dodged            |    53 |   117 ||   170

Table legend:
 A = Non-vault XP
 B = Vault XP
 C = Vault XP percentage of total XP
 D = Non-vault monster count
 E = Vault monster count
 F = Vault count percentage of total count
                 A         B        C        D         E       F
            +---------+---------+-------+---------+---------+-------
      Total |     299 |     259 |  46.4 |      56 |       2 |   3.4
            +---------+---------+-------+---------+---------+-------
        D:1 |      11 |       0 |   0.0 |       7 |       0 |   0.0
        D:2 |     120 |       0 |   0.0 |      27 |       0 |   0.0
        D:3 |     168 |     259 |  60.7 |      22 |       2 |   8.3
            +---------+---------+-------+---------+---------+-------
